 Dungeon Crawl Stone Soup version 0.30.1-3-gfc49f6343a (webtiles) character file.

Game seed: 4970701567500796621

550 jtron the Trooper (level 7, -2/82 HPs)
             Began as a Demonspawn Berserker on Aug 7, 2023.
             Was a Priest of Trog.
             Splashed by a jelly's acid (3 damage)
             ... on level 4 of the Dungeon.
             The game lasted 00:06:58 (3017 turns).

jtron the Trooper (Demonspawn Berserker)            Turns: 3017, Time: 00:06:58

Health: -2/82      AC: -5    Str: 19    XL:     7   Next: 7%
Magic:  0/7        EV: 12    Int:  9    God:    Trog [***...]
Gold:   191        SH:  0    Dex: 12    Spells: 6/6 levels left

rFire   . . .        b - +0 short sword (speed)
rCold   . . .        (no shield)
rNeg    . . .        o - +1 ring mail of the Endless Knives {Rampage Regen+ SInv}
rPois   .            (no helmet)
rElec   .            (no cloak)
rCorr   .            (no gloves)
SInv    +            (no boots)
Will    .....        (no amulet) Stlth
                     (no ring)
HPRegen 1.13/turn    (no ring)
MPRegen 0.20/turn

%: guardian spirit, rampage
@: berserking (expiring), corroded, very quick
A: claws 1, foul stench 1, magic shield, magic regeneration, magic link, sturdy
frame 1
a: Renounce Religion, Berserk, Trog's Hand


You were on level 4 of the Dungeon.
You worshipped Trog.
Trog was most pleased with you.
You visited 1 branch of the dungeon, and saw 4 of its levels.

You collected 191 gold pieces.

Inventory:

Hand Weapons
 a - a +3 spear
 b - a +0 short sword of speed (weapon)
 s - a +0 spear
 w - a +0 dagger of venom
Missiles
 c - 6 datura-tipped darts (quivered)
 e - 5 poisoned darts
 k - 45 stones
Armour
 o - the +1 ring mail of the Endless Knives (worn) {Rampage Regen+ SInv}
   (You found it on level 2 of the Dungeon)

   SInv:      It lets you see invisible.
   Regen:     It increases your rate of health regeneration.
   Rampage:   It bestows one free step when moving towards enemies.
Wands
 u - a wand of iceblast (7)
 v - a wand of polymorph (9)
Scrolls
 d - a scroll of vulnerability {unknown}
 g - a scroll of enchant weapon {unknown}
 h - a scroll of magic mapping {unknown}
 i - 2 scrolls of identify {unknown}
 j - 2 scrolls of amnesia {unknown}
 l - a scroll of noise {unknown}
Potions
 f - 2 potions of brilliance
 m - a potion of invisibility {unknown}
 n - a potion of heal wounds {unknown}
 p - 2 potions of resistance {unknown}
 q - 2 potions of attraction {unknown}
 r - a potion of magic {unknown}
 t - a potion of flight {unknown}


   Skills:
 + Level 4.6 Fighting
 + Level 3.1 Short Blades
 + Level 3.4 Polearms
 + Level 1.0 Throwing
 + Level 3.3 Armour
 - Level 3.0 Dodging
 + Level 1.2 Stealth
 - Level 1.0 Evocations


You had 6 spell levels left.
You didn't know any spells.
Your spell library was empty.

Dungeon Overview and Level Annotations

Branches:
Dungeon (4/15)             Temple (0/1) D:4

Altars:
Dithmenos


Innate Abilities, Weirdness & Mutations

You have sharp fingernails.
You may rarely emit foul miasma when damaged in melee.
When hurt, damage is shared between your health and your magic reserves.
You regenerate magic rapidly.
When low on magic, you restore magic in place of health.
Your movements are slightly less encumbered by armour. (ER -2)


Message History

You hit the jelly but do no damage.
Your claws burn!
The jelly is lightly wounded.
You hit the jelly but do no damage.
Your claws burn!
The jelly is lightly wounded.
The jelly barely misses you.
You hit the jelly.
Your claws burn!
The jelly is moderately wounded.
You completely miss the jelly.
The jelly is moderately wounded.
You hit the jelly but do no damage.
Your claws burn!
The jelly is moderately wounded.
The jelly hits you.
* * * LOW HITPOINT WARNING * * *
You are splashed with acid!
* * * LOW HITPOINT WARNING * * *
You hit the jelly but do no damage.
Your claws burn!
* * * LOW HITPOINT WARNING * * *
The jelly is moderately wounded.
You hit the jelly. The acid corrodes you!
Your claws burn!
* * * LOW HITPOINT WARNING * * *
The jelly is moderately wounded.
You barely miss the jelly.
The jelly is moderately wounded.
The jelly closely misses you.
Okay, then.
You hit the jelly.
Your claws burn!
* * * LOW HITPOINT WARNING * * *
The jelly is heavily wounded.
You hit the jelly but do no damage.
Your claws burn!
* * * LOW HITPOINT WARNING * * *
The jelly is heavily wounded.
You puncture the jelly!
Your claws burn!
* * * LOW HITPOINT WARNING * * *
The jelly is almost dead.
The jelly barely misses you.
You hit the jelly but do no damage.
Your claws burn!
* * * LOW HITPOINT WARNING * * *
The jelly is almost dead.
You hit the jelly.
Your claws burn!
You die...

#.# #.# ##. #.. #... #.#
.#.. #.# ...# #.# ## #..#
#.# .##. .. #.[##@# ... #.
#.#...#J###.# #.
#..........# #.
#.....##..$..## #. ##...
##†...# #. ..#. #....# #.
#.....###....############)
## ....................##.
...............##......


You could see a jelly.

Vanquished Creatures
  A black bear (D:4)
  A jelly (D:4)
  A howler monkey (D:4)
  2 orc priests (D:4)
  Jessica (D:3)
  A sleepcap (D:4)
  Natasha (thrice) (D:3)
  An orc wizard (D:3)
  7 adders
  4 dart slugs
  7 orcs
  9 ball pythons
  7 bats
  8 endoplasms
  3 giant cockroaches (D:1)
  6 hobgoblins
  4 jackals (D:4)
  7 quokkas
  4 frilled lizards
  4 goblins
  8 kobolds
  8 rats
97 creatures vanquished.

Notes
Turn   | Place    | Note
-------+----------+-------------------------------------------
     0 | D:1      | jtron the Demonspawn Berserker began the quest for the Orb.
     0 | D:1      | Reached XP level 1. HP: 18/18 MP: 1/1
   147 | D:1      | Gained mutation: You regenerate magic rapidly. [demonic
                  | ancestry]
   147 | D:1      | Reached XP level 2. HP: 24/24 MP: 2/2
   492 | D:1      | Reached ** piety under Trog
   703 | D:1      | Gained mutation: Your movements are slightly less
                  | encumbered by armour. (ER -2) [demonic ancestry]
   703 | D:1      | Reached XP level 3. HP: 29/29 MP: 3/3
  1186 | D:2      | Reached skill level 1 in Short Blades
  1304 | D:2      | Identified the +1 ring mail of the Endless Knives {Rampage
                  | Regen+ SInv}
  1774 | D:3      | Noticed Natasha
  1782 | D:3      | Killed Natasha
  1783 | D:3      | Gained mutation: You have sharp fingernails. [demonic
                  | ancestry]
  1783 | D:3      | Reached XP level 4. HP: 37/37 MP: 4/4
  1864 | D:3      | Found a shadowy altar of Dithmenos.
  1909 | D:3      | Noticed Natasha
  1917 | D:3      | Killed Natasha
  1918 | D:3      | Reached skill level 1 in Throwing
  1929 | D:3      | Noticed Jessica
  1942 | D:3      | Killed Jessica
  1943 | D:3      | Gained mutation: You may rarely emit foul miasma when
                  | damaged in melee. [demonic ancestry]
  1943 | D:3      | Reached XP level 5. HP: 42/42 MP: 5/5
  2183 | D:3      | Reached skill level 4 in Fighting
  2322 | D:3      | Found a faded altar of an unknown god.
  2397 | D:3      | Reached skill level 1 in Stealth
  2589 | D:3      | Reached *** piety under Trog
  2761 | D:3      | Noticed Natasha
  2770 | D:3      | Killed Natasha
  2820 | D:4      | Gained mutation: When hurt, damage is shared between your
                  | health and your magic reserves. [demonic ancestry]
  2820 | D:4      | Reached XP level 6. HP: 48/48 MP: 6/6
  2823 | D:4      | Found a staircase to the Ecumenical Temple.
  3002 | D:4      | Reached skill level 1 in Evocations
  3002 | D:4      | Gained mutation: When low on magic, you restore magic in
                  | place of health. [demonic ancestry]
  3002 | D:4      | Reached XP level 7. HP: 33/55 MP: 3/7
  3016 | D:4      | HP: 1/82 [acid (4)]
  3017 | D:4      | Splashed by a jelly's acid

Illustrated notes

Levels and vault maps discovered:
D:1:      reono_arrival_mine, layout_loops_cross, minmay_domino_2
D:2:      layout_basic
D:3:      minmay_chambers_of_threes, layout_loops_ring,
          nicolae_dithmenos_the_darkroom, nicolae_overflow_crystal_walls,
          shapermc_ecumenical_altar_starsandcircs, uniq_jessica, uniq_natasha
D:4:      layout_basic, mainiacjoe_overflow_24_doors,
          nicolae_gozag_cash_rules_everything_around_me,
          minmay_temple_entry_statues_pillars, minmay_bisected

Skill      XL: |  1  2  3  4  5  6 |
---------------+-------------------+-----
Dodging        | 2 3 |  3.0
Short Blades   | 1 2 3 |  3.1
Throwing       | 1 |  1.0
Armour         | 2 3 |  3.3
Fighting       | 4 |  4.6
Stealth        | 1 |  1.2
Polearms       | 3 |  3.4
Evocations     | 1 |  1.0

Action                     |  1- 3 |  4- 6 |  7- 9 || total
---------------------------+-------+-------+-------++-------
  Melee: Spear             |    58 |    89 |       ||   147
         Dagger            |   102 |    68 |       ||   170
         Punch             |     2 |     2 |       ||     4
         Short sword       |       |    33 |    15 ||    48
  Throw: Dart              |       |     2 |       ||     2
 Invoke: Berserk           |     1 |     2 |       ||     3
   Stab: Sleeping          |     1 |     1 |       ||     2
 Armour: Animal skin       |     5 |       |       ||     5
         Leather armour    |    20 |       |       ||    20
         Ring mail         |     9 |    62 |       ||    71
  Dodge: Dodged            |   103 |    95 |     4 ||   202
